 Dungeon Crawl Stone Soup version 0.29-a0-243-g602b31c20e (webtiles) character file.

Game seed: 4423007687551015031

4 spaghetti the Cutter (level 1, 2/13 HPs)
             Began as a Deep Elf Chaos Knight on Mar 4, 2022.
             Was a Plaything of Xom.
             Quit the game on level 1 of the Dungeon.
             The game lasted 00:00:43 (40 turns).

spaghetti the Cutter (Deep Elf Chaos Knight)          Turns: 40, Time: 00:00:43

Health: 2/13       AC:  5    Str:  9    XL:     1   Next: 50%
Magic:  3/3        EV: 12    Int: 16    God:    Xom [..*...]
Gold:   0          SH:  0    Dex: 14    Spells: 0/0 levels left

rFire   . . .      SeeInvis .   a - +0 short sword (chaos) {short}
rCold   . . .      Faith    .   (no shield)
rNeg    . . .      Spirit   .   b - +2 leather armour
rPois   .          Reflect  .   (no helmet)
rElec   .          Harm     .   (no cloak)
rCorr   .          Rampage  .   (no gloves)
Will    .....                   (no boots)
Stlth   +.........              (no amulet)
HPRegen 0.04/turn               (no ring)
MPRegen 0.08/turn               (no ring)

@: no status effects
A: no striking features
a: Renounce Religion


You were on level 1 of the Dungeon.
You worshipped Xom.
You were a toy of Xom.
You visited 1 branch of the dungeon, and saw 2 of its levels.


   Skills:
 + Level 2.4 Fighting
 + Level 3.0 Short Blades
 + Level 0.9 Armour
 + Level 2.5 Dodging


You couldn't memorise any spells.
You didn't know any spells.
Your spell library was empty.

Inventory:

Hand Weapons
 a - a +0 short sword of chaos (weapon) {short}
Missiles
 c - 10 stones (quivered) {throwing}
Armour
 b - a +2 leather armour (worn)
Scrolls
 e - a scroll of enchant armour {unknown}

Dungeon Overview and Level Annotations

Branches:
Dungeon (2/15)

Altars:

...#......##.##.# .≈≈≈
....#####.##..#.###≈≈≈≈≈
.......#.........#P≈≈≈P≈
.<....#..#.......♣≈≈≈≈≈≈
......#.................
.......#...###...PP≈≈P≈≈
....#####..# #...≈P≈P≈≈P
...#......## #.l..♣≈≈P≈≈
#.#..###### #.B@..♣≈≈♣
.#..## #.b†.....# .$.##
#.......... ##
#......≈♣♣♣ ...♣≈≈♣♣≈≈
.#♣♣♣≈≈♣ ≈≈≈ #. ≈≈≈ ≈ #
♣P≈♣


You could see a giant cockroach, a bat and a frilled lizard.


Message History

Press ? for a list of commands and other information.
Found a fizzy amethyst potion, 10 stones and 4 gold pieces.
Found a staircase leading out of the dungeon.
Unknown command.
c - 10 stones {throwing}
d - a fizzy amethyst potion
Found a stone staircase leading down.
e - a scroll labelled XOUJEF INISS No target in view!
(D) Dungeon
Where to? (? - help)
A frilled lizard, a giant cockroach and a hobgoblin come into view.
The frilled lizard hisses angrily.
The hobgoblin shouts!
Unknown command.
Unknown command.
Unknown command.
A bat comes into view.
The bat moves out of view.
There is a stone staircase leading down here.
You climb downwards.
There is a stone staircase leading up here.
Unknown command.
Unknown command.
You open the door.
A goblin comes into view. It is wielding a +0 club.
A goblin is nearby!
A goblin is nearby!
A goblin is nearby!
A goblin comes into view. It is wielding a +0 dagger.
The goblin shouts!
You hear a shout!
A ball python comes into view.
The goblin moves out of view.
The goblin shouts!
There is an open door here.
You hit the goblin. You drain the goblin.
You kill the goblin!
A kobold comes into view. It is wielding a +0 whip.
The kobold shouts!
You hear an angry hiss.
An endoplasm comes into view.
An adder comes into view.
A ball python comes into view. "Go forth and destroy!"
You feel clever all of a sudden.
The kobold hits you with a +0 whip. 😮 HP[-5]
You take 5 damage, and now have 8/13 hp.
MASSIVE DAMAGE!! (PAUSE)
An endoplasm comes into view.
There is an open door here.
There is a stone staircase leading up here.
The kobold hits you but does no damage.
You climb upwards.
The hobgoblin barely misses you.
The giant cockroach bites you but does no damage.
The hobgoblin hits you. The giant cockroach barely misses you.
There is a stone staircase leading down here. 😮 HP[-1]
You take 1 damage, and now have 7/13 hp.
Unknown command.
Unknown command.
You are too injured to fight recklessly!
You are too injured to fight recklessly!
Unknown command.
You hit the kobold.
You kill the kobold!
The hobgoblin hits you.
* * * LOW HITPOINT WARNING * * *
The giant cockroach bites you but does no damage. 😨 HP[-1]
You take 1 damage, and now have 6/13 hp.
You closely miss the giant cockroach.
The giant cockroach bites you but does no damage.
The hobgoblin barely misses you.
You barely miss the giant cockroach.
You punch the giant cockroach, but do no damage.
The giant cockroach misses you. The hobgoblin closely misses you.
The hobgoblin barely misses you. The frilled lizard closely misses you.
You barely miss the hobgoblin. The giant cockroach misses you.
The frilled lizard closely misses you. The hobgoblin completely misses you.
You hit the hobgoblin. You burn the hobgoblin.
You kill the hobgoblin!
The giant cockroach bites you.
* * * LOW HITPOINT WARNING * * *
The frilled lizard barely misses you. 😨 HP[-1]
You take 1 damage, and now have 5/13 hp.
You barely miss the giant cockroach.
The giant cockroach bites you but does no damage.
The bat hits you but does no damage. The giant cockroach closely misses you.
The frilled lizard bites you.
* * * LOW HITPOINT WARNING * * *
😱 HP[-3]
You take 3 damage, and now have 2/13 hp.
MASSIVE DAMAGE!! (PAUSE) It was a potion of cancellation.
Your magical effects are unravelling.
You feel magically purged.
You feel a little less clever now.
The bat hits you but does no damage. x2; The giant cockroach barely misses you.
The frilled lizard misses you.
Unknown command.
Are you sure you want to abandon this character and quit the game? (Confirm with "yes".)

Action                   || total
-------------------------++-------
Melee: Short sword       ||     7
       Punch             ||     1
  Use: Potion            ||     1
Armor: Leather armour    ||     8
Dodge: Dodged            ||    14

Levels and vault maps discovered:
D:1:      scummos_arrival_star, layout_basic, serial_bayou,
          serial_bayou_crossing, serial_bayou_lagoon_b, serial_bayou_ford_a,
          serial_bayou_lake_a, minmay_tree_intersection
D:2:      layout_basic, hex_intersection

Notes
Turn   | Place    | Note
-------+----------+-------------------------------------------
     0 | D:1      | spaghetti the Deep Elf Chaos Knight began the quest for the
                  | Orb.
     0 | D:1      | Reached XP level 1. HP: 13/13 MP: 3/3
     0 | D:1      | magus.rc [v1.9.6]
    26 | D:2      | XOM: potion effect (brilliance)
    38 | D:1      | HP: 2/13 [frilled lizard (3)]
    40 | D:1      | Quit the game

Vanquished Creatures
  A goblin (D:2)
  A hobgoblin (D:1)
  A kobold (D:1)
3 creatures vanquished.

Table legend:
 A = Non-vault XP
 B = Vault XP
 C = Vault XP percentage of total XP
 D = Non-vault monster count
 E = Vault monster count
 F = Vault count percentage of total count
                 A         B        C        D         E       F
            +---------+---------+-------+---------+---------+-------
      Total |       6 |       0 |   0.0 |       3 |       0 |   0.0
            +---------+---------+-------+---------+---------+-------
        D:1 |       4 |       0 |   0.0 |       2 |       0 |   0.0
        D:2 |       2 |       0 |   0.0 |       1 |       0 |   0.0
            +---------+---------+-------+---------+---------+-------

Illustrated notes

Table legend:
 A = Kills in this place as a percentage of kills in entire the game.
 B = Kills by you in this place as a percentage of kills by you in the entire game.
 C = Kills by friends in this place as a percentage of kills by friends in the entire game.
 D = Other kills in this place as a percentage of other kills in the entire game.
 E = Experience gained in this place as a percentage of experience gained in the entire game.
 F = Experience gained in this place divided by the number of levels of this place that you have seen.
                   A       B       C       D       E      F
               +-------+-------+-------+-------+-------+----------------------
         Total | 100.0 | 100.0 |   N/A |   N/A | 100.0 |   3.0
       Dungeon | 100.0 | 100.0 |   N/A |   N/A | 100.0 |   3.0
               +-------+-------+-------+-------+-------+----------------------

Table legend: (Time is in decaauts)
 A = Elapsed time spent in this place.
 B = Non-inter-level travel time spent in this place.
 C = Inter-level travel time spent in this place.
 D = Time resting spent in this place.
 E = Time spent auto-exploring this place.
 F = Levels seen in this place.
 G = Mean time per level.
                   A        B        C        D        E       F      G
               +--------+--------+--------+--------+--------+-----+--------+
         Total |     39 |     39 |      0 |      0 |     14 |   2 |   19.5 |
       Dungeon |     39 |     39 |      0 |      0 |     14 |   2 |   19.5 |
               +--------+--------+--------+--------+--------+-----+--------+

Top non-repeatable levels by time:
     D:1: 30 daAuts
     D:2: 9 daAuts
